 Dungeon Crawl Stone Soup version 0.31-a0-700-gf13585253f (webtiles) character file.

Game seed: 5495067751657098184

517 qw the Shooter (level 7, 0/43 HPs)
             Began as a Gargoyle Hunter on Sept 7, 2023.
             Was an Initiate of Okawaru.
             Slain by an ice beast (10 damage)
             ... on level 5 of the Dungeon.
             The game lasted 00:01:10 (2805 turns).

qw the Shooter (Gargoyle Hunter)                    Turns: 2805, Time: 00:01:11

Health: 0/43       AC: 11    Str: 15    XL:     7   Next: 20%
Magic:  7/7        EV: 12    Int:  9    God:    Okawaru [......]
Gold:   81         SH:  0    Dex: 15    Spells: 6/6 levels left

rFire   . . .        e - +6 arbalest "Widowmaker" {heavy, SInv}
rCold   . . .        (shield currently unavailable)
rNeg    + . .        c - +1 leather armour of Indemnity {Will++}
rPois   inf          (helmet restricted)
rElec   +            (no cloak)
rCorr   .            a - +0 pair of gloves
SInv    +            l - +0 pair of boots
Will    ++...        (no amulet)
Stlth   ++           (no ring)
HPRegen 0.27/turn    (no ring)
MPRegen 0.10/turn

%: clarity
@: no status effects
A: sickness immunity, AC +4, negative energy resistance 1, electricity
resistance, torment resistance 1, petrification resistance, horns 1, clarity,
sense surroundings 1
a: Renounce Religion


You were on level 5 of the Dungeon.
You worshipped Okawaru.
Okawaru was noncommittal.
You visited 2 branches of the dungeon, and saw 6 of its levels.

You collected 203 gold pieces.
You spent 122 gold pieces at shops.


Innate Abilities, Weirdness & Mutations

You are immune to sickness and miasma.
Your stone body is resilient. (AC +4)
You are immune to poison.
You resist negative energy. (rN+)
You are resistant to electric shocks. (rElec)
You are resistant to unholy torment.
You are immune to petrification.
You have a pair of small horns on your head.
You possess an exceptional clarity of mind.
You passively map a small area around you.


   Skills:
 - Level 4.1 Fighting
 + Level 7.5 Ranged Weapons
 - Level 1.0 Armour
 - Level 2.0 Dodging
 - Level 1.1 Stealth


You had 6 spell levels left.
You didn't know any spells.
Your spell library was empty.

Inventory:

Hand Weapons
 e - the +6 arbalest "Widowmaker" (weapon) {heavy, SInv}
   (You acquired it on level 1 of the Dungeon)

   SInv:      It lets you see invisible.
Armour
 a - a +0 pair of gloves (worn)
 c - the +1 leather armour of Indemnity (worn) {Will++}
   (You found it on level 4 of the Dungeon)

   Will++:    It greatly increases your willpower.
 l - a +0 pair of boots (worn)
Jewellery
 q - a ring of see invisible
Scrolls
 h - a scroll of identify
Potions
 b - 3 potions of heal wounds
 d - a potion of haste
 f - 4 potions of cancellation
 g - a potion of curing
 i - a potion of mutation
 j - a potion of enlightenment
 n - a potion of might {unknown}

Dungeon Overview and Level Annotations

Branches:
Dungeon (5/15)             Temple (1/1) D:4

Altars:
Ashenzari
Cheibriados
Dithmenos
Elyvilon
Fedhas
Gozag
Hepliaklqana
Kikubaaqudgha
Makhleb
Nemelex Xobeh
Okawaru
Qazlal
Ru
Sif Muna
Trog
Uskayaw
Vehumet
Wu Jian
Xom
Yredelemnul

Shops:
D:2 *   D:3 (


Message History

The adder barely misses you.
The adder bites you but does no damage. x2
You shoot a bolt. The bolt hits the adder!!
You kill the adder!
Okawaru accepts your kill. The orc closely misses you.
You shoot a bolt. The bolt closely misses the orc.
The bolt hits the ice beast.
The ice beast is lightly wounded.
The orc misses you. The orc barely misses you.
You shoot a bolt. The bolt hits the orc!!
You kill the orc!
Okawaru accepts your kill.
The orc priest looks encouraged for a moment.
The orc priest hits you but does no damage.
You shoot a bolt. The bolt closely misses the orc priest.
The bolt barely misses the ice beast.
The orc priest closely misses you.
The orc priest hits you but does no damage.
You shoot a bolt. The bolt barely misses the orc priest.
The bolt barely misses the ice beast.
The orc priest mumbles some strange prayers to Beogh against you.
Beogh smites you! The orc priest barely misses you.
You shoot a bolt. The bolt hits the orc priest!
The orc priest is severely wounded.
The orc priest hits you with a +0 club.
The orc priest hits you but does no damage.
The orc priest calls down the wrath of Beogh upon you.
Beogh smites you!
You shoot a bolt. The bolt hits the orc priest!!
You kill the orc priest!
Okawaru accepts your kill.
You shoot a bolt. The bolt hits the ice beast!!
The ice beast is almost dead.
The ice beast hits you but does no damage. x2
You shoot a bolt. The bolt closely misses the ice beast.
The bolt hits the orc wizard!
The orc wizard is almost dead.
The orc wizard casts a spell.
The orc wizard flickers and vanishes for a moment.
The ice beast hits you. The ice beast freezes you!
You die...

#.....*#..........#*
,
.#.....##.#......###
,
...........###..###~,
*#.................#
, #.....?.......###
##.#......#.####.# *
#.........'..# #.#
#..####o..#..# #.#
#....@Yo.##..# #.#
#.#####o.....# #.# *
* #........ #.# * ,*
#............ ,
,..o.##...##
,,......,.... *
,,,......o ... * *
#..., , ,


You could see an ice beast, an orc wizard (invisible) and 2 orcs.

Vanquished Creatures
  A scorpion (D:4)
  A hound (D:5)
  An orc priest (D:5)
  4 iguanas
  13 gnolls
  4 adders
  2 worms
  6 dart slugs
  12 orcs
  4 endoplasms
  7 giant cockroaches
  5 goblins
  15 hobgoblins
  3 jackals (D:4)
  9 kobolds
  4 quokkas
  6 ball pythons
  7 bats
  9 frilled lizards
  3 rats
116 creatures vanquished.

Notes
Turn   | Place    | Note
-------+----------+-------------------------------------------
     0 | D:1      | qw the Gargoyle Hunter began the quest for the Orb.
     0 | D:1      | Reached XP level 1. HP: 12/12 MP: 1/1
     0 | D:1      | 0 ||| qw: Version: 0.3-a-76-g4403597
     0 | D:1      | 0 ||| qw: Game counter: 645
     0 | D:1      | 0 ||| qw: Melee chars always use a shield: true
     0 | D:1      | 0 ||| qw: God list: Okawaru
     0 | D:1      | 0 ||| qw: Allow faded altars: false
     0 | D:1      | 0 ||| qw: Do Orc after clearing Dungeon:15 true
     0 | D:1      | 0 ||| qw: Do second Lair branch before Depths: true
     0 | D:1      | 0 ||| qw: Lair rune preference: random
     0 | D:1      | 0 ||| qw: Goals: Normal
     0 | D:1      | 0 ||| PLANNING D:1-11
   117 | D:1      | Reached XP level 2. HP: 17/17 MP: 2/2
   321 | D:1      | Reached XP level 3. HP: 21/21 MP: 3/3
   530 | D:1      | Reached skill level 5 in Ranged Weapons
   680 | D:1      | 680 ||| READING 2 scrolls labelled ATZEUL VUNATT.
   681 | D:1      | 681 ||| READING scroll labelled TAISOWNITADA.
   681 | D:1      | Identified a scroll of acquirement
   681 | D:1      | 681 ||| ACQUIRING +6 arbalest "Widowmaker" {heavy, SInv}
   681 | D:1      | Acquired the +6 arbalest "Widowmaker" {heavy, SInv}
   683 | D:1      | 683 ||| SWAPPING to +6 arbalest "Widowmaker" {heavy, SInv}.
   684 | D:1      | 684 ||| DROPPING +0 shortbow.
   685 | D:1      | 685 ||| READING scroll labelled UTICSO VOSTRIPS.
   686 | D:1      | 686 ||| READING scroll labelled IRESEIDAPUC.
   687 | D:1      | 687 ||| DRINKING 2 pink potions.
   688 | D:1      | 688 ||| DROPPING scroll of fear.
   689 | D:1      | 689 ||| DROPPING scroll of butterflies.
   712 | D:2      | 712 ||| Stepping ~*~*~tactically~*~*~ (outnumbered).
   714 | D:2      | 714 ||| Stepping ~*~*~tactically~*~*~ (outnumbered).
   718 | D:2      | Reached skill level 3 in Fighting
   721 | D:2      | Reached XP level 4. HP: 28/28 MP: 4/4
   967 | D:2      | Found a bloodstained altar of Trog.
  1021 | D:2      | Found Feceuh's Assorted Antiques.
  1027 | D:2      | 1027 ||| BUYING fizzy clear potion (22 gold).
  1027 | D:2      | Bought a fizzy clear potion for 22 gold pieces
  1027 | D:2      | 1027 ||| BUYING glowing brass wand (100 gold).
  1027 | D:2      | Bought a glowing brass wand for 100 gold pieces
  1027 | D:2      | 1027 ||| SHOPLISTING scroll labelled BEVEIV RIEDAITH (25
                  | gold, have 14).
  1027 | D:2      | 1027 ||| SHOPLISTING scroll labelled HUICRE DISAEM (25
                  | gold, have 14).
  1027 | D:2      | 1027 ||| SHOPLISTING scroll of identify (50 gold, have 14).
  1110 | D:2      | Reached XP level 5. HP: 32/32 MP: 5/5
  1362 | D:2      | 1362 ||| UPGRADING to +0 pair of gloves.
  1367 | D:2      | 1367 ||| UPGRADING to +0 pair of boots.
  1372 | D:2      | 1372 ||| READING scroll labelled NEWAUM TITRE.
  1373 | D:2      | 1373 ||| READING scroll labelled OXZEIF ETOCOTT.
  1374 | D:2      | 1374 ||| DRINKING 2 sedimented amethyst potions.
  1375 | D:2      | 1375 ||| DRINKING 2 fizzy clear potions.
  1375 | D:2      | Gained mutation: You have a pair of small horns on your
                  | head. [potion of mutation]
  1375 | D:2      | Gained mutation: You passively map a small area around you.
                  | [potion of mutation]
  1375 | D:2      | Gained mutation: You possess an exceptional clarity of
                  | mind. [potion of mutation]
  1376 | D:2      | 1376 ||| READING 2 scrolls of identify.
  1376 | D:2      | 1376 ||| IDENTIFYING dark potion
  1377 | D:2      | 1377 ||| DROPPING wand of acid (13).
  1435 | D:3      | Found a sacrificial altar of Ru.
  1439 | D:3      | Found a blossoming altar of Fedhas.
  1447 | D:3      | Found Tufelorch's Weapon Shop.
  1618 | D:3      | Reached skill level 1 in Armour
  1668 | D:3      | Reached skill level 6 in Ranged Weapons
  2015 | D:3      | 2015 ||| UPGRADING to +0 ring mail.
  2025 | D:3      | 2025 ||| DROPPING +0 leather armour.
  2026 | D:3      | 2026 ||| READING scroll labelled ZAUR DIUKA.
  2027 | D:3      | 2027 ||| READING 3 scrolls of identify.
  2027 | D:3      | 2027 ||| IDENTIFYING fizzy green potion
  2028 | D:3      | 2028 ||| READING 2 scrolls of identify.
  2028 | D:3      | 2028 ||| IDENTIFYING glowing brown potion
  2029 | D:3      | 2029 ||| DROPPING potion of berserk rage.
  2090 | D:4      | Identified the +1 leather armour of Indemnity {Will++}
  2177 | D:4      | Reached XP level 6. HP: 38/38 MP: 6/6
  2299 | D:4      | You fall into a shaft and drop 1 floor!
  2299 | D:5      | Entered Level 5 of the Dungeon
  2306 | D:5      | 2306 ||| UPGRADING to +1 leather armour of Indemnity
                  | {Will++}.
  2316 | D:5      | 2316 ||| DROPPING +0 ring mail.
  2317 | D:5      | 2317 ||| DROPPING scarf of harm.
  2318 | D:5      | 2318 ||| READING scroll labelled GETSAIQIENN.
  2319 | D:5      | 2319 ||| DRINKING 3 fizzy pink potions.
  2320 | D:5      | 2320 ||| READING 2 scrolls of identify.
  2320 | D:5      | 2320 ||| IDENTIFYING murky emerald potion
  2321 | D:5      | 2321 ||| DROPPING 2 potions of attraction.
  2445 | D:4      | Found a staircase to the Ecumenical Temple.
  2446 | D:4      | 2446 ||| PLANNING TEMPLE
  2451 | Temple   | Entered the Ecumenical Temple
  2452 | Temple   | 2452 ||| PLANNING OKAWARU WORSHIP
  2521 | Temple   | Became a worshipper of Warmaster Okawaru
  2522 | Temple   | 2522 ||| PLANNING D:1-11
  2670 | D:4      | Reached skill level 7 in Ranged Weapons
  2749 | D:4      | 2749 ||| READING scroll labelled WEF NUS PACODI.
  2789 | D:5      | Reached XP level 7. HP: 43/43 MP: 7/7
  2791 | D:5      | 2791 ||| Stepping ~*~*~tactically~*~*~ (retreating).
  2792 | D:5      | 2792 ||| Stepping ~*~*~tactically~*~*~ (retreating).
  2793 | D:5      | 2793 ||| Stepping ~*~*~tactically~*~*~ (retreating).
  2794 | D:5      | 2794 ||| Stepping ~*~*~tactically~*~*~ (retreating).
  2795 | D:5      | 2795 ||| Stepping ~*~*~tactically~*~*~ (retreating).
  2805 | D:5      | HP: 10/43 [ice beast (3)]
  2805 | D:5      | Slain by an ice beast

Levels and vault maps discovered:
D:1:      doesnt_arrival_eight_statues, layout_basic,
          chequers_serial_rivers_small_3, hangedman_decor_clover_reticule,
          dreamdust_princess_bridge
D:2:      layout_basic, serial_shops, shop, basic_altar, minmay_lizard_pond
D:3:      layout_basic, mainiacjoe_overflow_divided_tiny, serial_shops,
          nicolae_shop_bloodbath_and_beyond
D:4:      layout_cave_pools, minmay_temple_entry_nine_rooms
D:5:      kennysheep_steamy, layout_basic, mainiacjoe_overflow_boulevard
Temple:   minmay_crystal_spiral_temple

Skill      XL: |  1  2  3  4  5  6 |
---------------+-------------------+-----
Ranged Weapons | 5 6 7 |  7.5
Fighting       | 3 4 |  4.1
Armour         | 1 |  1.0
Dodging        | 2 |  2.0
Stealth        | |  1.1

Action                     |  1- 3 |  4- 6 |  7- 9 || total
---------------------------+-------+-------+-------++-------
   Fire: Shortbow          |    75 |       |       ||    75
         Arbalest          |     7 |   124 |    11 ||   142
    Use: Scroll            |     4 |     9 |       ||    13
         Potion            |     1 |     3 |       ||     4
 Armour: Leather armour    |    22 |    16 |    11 ||    49
         Ring mail         |       |    61 |       ||    61
  Dodge: Dodged            |    16 |    76 |    12 ||   104

Table legend:
 A = Non-vault XP
 B = Vault XP
 C = Vault XP percentage of total XP
 D = Non-vault monster count
 E = Vault monster count
 F = Vault count percentage of total count
                 A         B        C        D         E       F
            +---------+---------+-------+---------+---------+-------
      Total |     732 |       7 |   0.9 |     109 |       7 |   6.0
            +---------+---------+-------+---------+---------+-------
        D:1 |      40 |       0 |   0.0 |      21 |       0 |   0.0
        D:2 |     140 |       7 |   4.8 |      26 |       7 |  21.2
        D:3 |      51 |       0 |   0.0 |      24 |       0 |   0.0
        D:4 |     320 |       0 |   0.0 |      30 |       0 |   0.0
        D:5 |     181 |       0 |   0.0 |       8 |       0 |   0.0
            +---------+---------+-------+---------+---------+-------
